 Dungeon Crawl Stone Soup version 0.29.1-15-g9cfb28693d (webtiles) character file.

Game seed: 16655851757410185099

297 BigDaddyOpFi the Chopper (level 6, -2/56 HPs)
             Began as a Hill Orc Monk on Mar 6, 2023.
             Was a Believer of Beogh.
             Splashed by a jelly's acid (10 damage)
             ... on level 4 of the Dungeon.
             The game lasted 00:03:28 (3201 turns).

BigDaddyOpFi the Chopper (Hill Orc Monk)            Turns: 3201, Time: 00:03:29

Health: -2/56      AC:  7    Str: 16    XL:     6   Next: 35%
Magic:  15/16      EV:  5    Int: 10    God:    Beogh [**....]
Gold:   154        SH:  0    Dex: 13    Spells: 5/5 levels left

rFire   . . .      SeeInvis .   k - +0 war axe
rCold   . . .      Faith    .   (no shield)
rNeg    . . .      Spirit   .   i - +0 plate armour
rPois   .          Reflect  .   c - +1 hat
rElec   .          Harm     .   (no cloak)
rCorr   .          Rampage  .   (no gloves)
Will    .....                   (no boots)
Stlth   ..........              (no amulet)
HPRegen 0.18/turn               g - ring of magical power
MPRegen 0.15/turn               (no ring)

@: corroded
A: no striking features
a: Renounce Religion, Smiting


You were on level 4 of the Dungeon.
You worshipped Beogh.
Beogh was pleased with you.
You visited 1 branch of the dungeon, and saw 4 of its levels.

You collected 154 gold pieces.

Inventory:

Hand Weapons
 k - a +0 war axe (weapon)
Missiles
 l - 3 boomerangs (quivered)
Armour
 c - a +1 hat (worn)
 i - a +0 plate armour (worn)
Jewellery
 g - a ring of magical power (left hand)
Scrolls
 b - 2 scrolls of identify
 d - a scroll of magic mapping
 f - a scroll of noise
Potions
 e - a potion of flight
 h - 2 potions of mutation
 j - a potion of attraction


   Skills:
 + Level 5.0 Fighting
 + Level 5.6 Axes
 + Level 3.4 Dodging
 + Level 3.1 Stealth
 * Level 1.7 Invocations


You had 5 spell levels left.
You didn't know any spells.
Your spell library contained the following spells:

 Spells                   Type           Power      Damage    Failure   Level
 Portal Projectile        Hex/Tloc       0%         N/A       100%        3
 Tukima's Dance           Hex            0%         N/A       100%        3
 Blade Hands              Tmut           0%         N/A       100%        5


Dungeon Overview and Level Annotations

Branches:
Dungeon (4/15)
 Temple: D:4-7

Altars:
Ashenzari
Elyvilon
Gozag
Ru
Xom


Message History

The necrophage is heavily damaged.
The jelly quivers.
The necrophage hits you but does no damage.
The necrophage hits you.
You feel drained.
You hit the necrophage but do no damage.
The necrophage is heavily damaged.
The necrophage barely misses you.
You closely miss the necrophage.
The necrophage is heavily damaged.
The necrophage hits you.
You slash the necrophage!
The necrophage is almost destroyed.
The necrophage hits you.
You feel drained.
You hit the necrophage.
The necrophage is almost destroyed.
The necrophage hits you but does no damage.
You slash the necrophage!
You destroy the necrophage!
Beogh accepts your kill. The jelly hits you.
You are splashed with acid!
Your life force feels restored.
Your Fighting skill increases to level 5!
You hit the jelly.
Your hands burn!
The jelly is moderately wounded.
The jelly hits you but does no damage.
You slash the jelly!
Your hands burn!
The jelly is almost dead.
The jelly hits you. The acid corrodes you!
You are splashed with acid!
* * * LOW HITPOINT WARNING * * *
You hit the jelly but do no damage.
Your hands burn!
* * * LOW HITPOINT WARNING * * *
The jelly is almost dead.
The jelly hits you but does no damage.
You hit the jelly but do no damage.
Your hands burn!
* * * LOW HITPOINT WARNING * * *
The jelly is almost dead.
The jelly hits you but does no damage. The jelly hits you.
* * * LOW HITPOINT WARNING * * *
You are splashed with acid!
You die...

.........#
.....)..+
.......#
......+
..... ...
#J# #@#
#.# #.#
#.#
####'##
#.....###
#.....'.#
#.....#.#
#.....#.#


You could see a jelly.

Vanquished Creatures
  A necrophage (D:4)
  Terence (D:2)
  2 orc wizards
  6 adders
  3 gnolls (D:2)
  2 worms
  5 dart slugs
  4 orcs (D:4)
  5 ball pythons
  3 endoplasms
  3 giant cockroaches
  6 goblins
  6 hobgoblins
  2 jackals (D:3)
  3 kobolds
  3 quokkas
  3 bats
  3 frilled lizards (D:3)
  A rat (D:1)
62 creatures vanquished.

Vanquished Creatures (others)
  An orc wizard (D:3)
  A dart slug (D:3)
  An orc (D:3)
  A ball python (D:3)
  An endoplasm (D:3)
5 creatures vanquished.

Grand Total: 67 creatures vanquished

Notes
Turn   | Place    | Note
-------+----------+-------------------------------------------
     0 | D:1      | BigDaddyOpFi the Hill Orc Monk began the quest for the Orb.
     0 | D:1      | Reached XP level 1. HP: 19/19 MP: 1/1
   265 | D:1      | Reached XP level 2. HP: 27/27 MP: 2/2
  1037 | D:2      | Reached XP level 3. HP: 28/33 MP: 3/3
  1349 | D:2      | Reached XP level 4. HP: 40/40 MP: 4/4
  1608 | D:2      | Found a white marble altar of Elyvilon.
  1686 | D:2      | Noticed Terence
  1716 | D:2      | Killed Terence
  1717 | D:2      | Reached skill level 5 in Axes
  1717 | D:2      | Reached XP level 5. HP: 32/47 MP: 5/5
  2174 | D:3      | Became a worshipper of Beogh the Brigand
  2174 | D:3      | Reached * piety under Beogh
  2174 | D:3      | Reached ** piety under Beogh
  2948 | D:3      | Found a faded altar of an unknown god.
  2948 | D:3      | Found a shimmering altar of Xom.
  2956 | D:3      | Found a broken altar of Ashenzari.
  2958 | D:3      | Found an opulent altar of Gozag.
  2960 | D:3      | Found a sacrificial altar of Ru.
  3174 | D:4      | Reached skill level 1 in Invocations
  3174 | D:4      | Reached XP level 6. HP: 55/55 MP: 6/6
  3198 | D:4      | Reached skill level 5 in Fighting
  3201 | D:4      | Splashed by a jelly's acid

Illustrated notes

Levels and vault maps discovered:
D:1:      mrwooster_arrival_statue, layout_loops_cross, minmay_pentomino_q4
D:2:      layout_rooms, basic_altar, uniq_terence
D:3:      layout_basic, chequers_temple_overflow_minitemple,
          nicolae_kite_square_tiling_tiny, grunt_decor_fettered
D:4:      minmay_wonky_spiral, layout_basic, gammafunk_temple_overflow_pools

Skill      XL: |  1  2  3  4  5  6 |
---------------+-------------------+-----
Fighting       | 4 5 |  5.0
Stealth        | 2 3 |  3.1
Dodging        | 3 |  3.4
Axes           | 5 |  5.6
Invocations    | 1 |  1.7

Action                   |  1- 3 |  4- 6 || total
-------------------------+-------+-------++-------
Melee: Hand axe          |    79 |   174 ||   253
       Punch             |     1 |     1 ||     2
       War axe           |       |    21 ||    21
Invok: Convert to Beogh  |       |     1 ||     1
  Use: Scroll            |     8 |     4 ||    12
       Potion            |     2 |     3 ||     5
 Stab: Sleeping          |     2 |       ||     2
Armor: Robe              |     7 |       ||     7
       Scale mail        |    25 |    34 ||    59
       Skin              |     9 |     4 ||    13
       Plate armour      |       |    47 ||    47
Dodge: Dodged            |    49 |    68 ||   117
